[Event "GER-ch Youth U16 2019"]
[Site "Willingen"]
[Date "2019.06.12"]
[Round "5.12"]
[White "Pahl, Erik"]
[Black "Roehr, Tobias"]
[Result "1/2-1/2"]
[ECO "B48"]
[WhiteElo "2113"]
[BlackElo "2208"]
[Annotator "NA"]
[PlyCount "87"]
[EventDate "2019.06.07"]
[EventType "swiss"]
[EventRounds "9"]
[EventCountry "GER"]
[SourceTitle "playchess.com"]
[Source "ChessBase"]
[SourceQuality "1"]
[TimeControl "40/5400+30:1800+30"]

1. e4 c5 2. Nf3 e6 3. d4 cxd4 4. Nxd4 Nc6 5. Nc3 Qc7 6. Be3 a6 7. Qf3 Bd6 8. O-O-O Be5 9. Nxc6 bxc6 10. Bd4 Nf6 11. Bxe5 Qxe5 12. Qg3 Qxg3 13. hxg3 d5 14. exd5 cxd5 15. Bd3 Bb7 16. Rhe1 O-O 17. b3 Rac8 18. Kb2 g6 19. a4 Nd7 20. Be2 Rc7 21. Bf3 Rfc8 22. Re3 Nf6 23. Rdd3 a5 24. Rd2 Ba6 25. Nd1 h5 26. Rc3 Kg7 27. Rxc7 Rxc7 28. Ne3 g5 29. g4 h4 30. c3 Rb7 31. c4 Rd7 32. cxd5 exd5 33. Kc3 Rc7+ 34. Kb2 Bb7 35. Nf5+ Kg6 36. Rc2 Rxc2+ 37. Kxc2 Ne4 38. Bxe4 dxe4 39. Kc3 e3 40. f3 Kf6 41. Kd3 Bd5 42. Nd4 Ke5 {[%emt 0:01:58] normal} 43. Kxe3 f6 44. Kd3 {[%emt 0:00:00] normal} 1/2-1/2

[Event "GER-ch Youth U16 2019"]
[Site "Willingen"]
[Date "2019.06.12"]
[Round "5.13"]
[White "Jeschke, Jan"]
[Black "Biermann, Florian"]
[Result "0-1"]
[ECO "B21"]
[WhiteElo "1915"]
[BlackElo "2018"]
[Annotator "NA"]
[PlyCount "102"]
[EventDate "2019.06.07"]
[EventType "swiss"]
[EventRounds "9"]
[EventCountry "GER"]
[SourceTitle "playchess.com"]
[Source "ChessBase"]
[SourceQuality "1"]
[TimeControl "40/5400+30:1800+30"]

1. e4 c5 2. d4 cxd4 3. c3 g6 4. cxd4 d5 5. e5 Nc6 6. Nc3 Bg7 7. Be2 f6 8. f4 Nh6 9. Bf3 e6 10. Be3 Qb6 11. Nge2 fxe5 12. fxe5 O-O 13. Qd2 Nf5 14. O-O Bd7 15. Na4 Qb4 16. Qxb4 Nxb4 17. Bd2 Nc2 18. Nc5 Bc8 19. Rac1 Ncxd4 20. Nxd4 Nxd4 21. Bg4 Rxf1+ 22. Rxf1 b6 23. Na4 Bxe5 24. Re1 Bg7 25. Bc3 Nf5 26. Kf2 d4 27. Bf3 Rb8 28. Bd2 Bd7 29. b3 Rc8 30. Bd1 e5 31. Nb2 Bc6 32. Bb4 e4 33. g4 Ne3 34. Nc4 Nxc4 35. bxc4 e3+ 36. Ke2 Re8 37. Bb3 Be5 38. Rf1 Kg7 39. g5 Bg2 40. Rc1 Be4 41. c5 Bf4 42. Rf1 d3+ 43. Ke1 d2+ 44. Ke2 Bxg5 45. cxb6 Bd3+ 46. Kxd3 e2 47. Rf7+ Kh6 48. Bf8+ Kh5 49. Rxh7+ Kg4 50. h3+ Kg3 51. Bd6+ Bf4 {[%emt 0:00:21] normal} 0-1

[Event "GER-ch Youth U16 2019"]
[Site "Willingen"]
[Date "2019.06.12"]
[Round "5.14"]
[White "Buller, Ian Joshua"]
[Black "Koehler, Lukas"]
[Result "1/2-1/2"]
[ECO "B13"]
[WhiteElo "1904"]
[BlackElo "2068"]
[Annotator "NA"]
[PlyCount "80"]
[EventDate "2019.06.07"]
[EventType "swiss"]
[EventRounds "9"]
[EventCountry "GER"]
[SourceTitle "playchess.com"]
[Source "ChessBase"]
[SourceQuality "1"]
[TimeControl "40/5400+30:1800+30"]

1. e4 c6 2. d4 d5 3. exd5 cxd5 4. Bd3 Nf6 5. h3 Qc7 6. Nf3 g6 7. O-O Bf5 8. Re1 Nc6 9. c3 Bg7 10. Qe2 Bxd3 11. Qxd3 O-O 12. Nbd2 Nd7 13. Nf1 Rfe8 14. Be3 a6 15. Qd2 Nb6 16. b3 f6 17. Rac1 Rad8 18. Bh6 e5 19. dxe5 fxe5 20. Bxg7 Qxg7 21. Rcd1 Re7 22. Qg5 h6 23. Qc1 Kh7 24. Rd2 Red7 25. Red1 d4 26. cxd4 exd4 27. Ng3 Nc8 28. Qb1 N8e7 29. h4 Kh8 30. Qe4 Nd5 31. Ne2 Re7 32. Qd3 Rxe2 33. Rxe2 Nf4 34. Qe4 Nxe2+ 35. Qxe2 Qf6 36. Qe4 Kg7 37. Rd3 Qd6 38. h5 g5 39. Rd1 Qf6 40. Nh2 Rd6 {[%emt 0:01:50] normal} 1/2-1/2

[Event "GER-ch Youth U16 2019"]
[Site "Willingen"]
[Date "2019.06.12"]
[Round "6.1"]
[White "Koellner, Ruben Gideon"]
[Black "Stork, Oliver"]
[Result "0-1"]
[ECO "D00"]
[WhiteElo "2299"]
[BlackElo "2224"]
[Annotator "NA"]
[PlyCount "48"]
[EventDate "2019.06.07"]
[EventType "swiss"]
[EventRounds "9"]
[EventCountry "GER"]
[SourceTitle "playchess.com"]
[Source "ChessBase"]
[SourceQuality "1"]
[TimeControl "40/5400+30:1800+30"]

1. d4 d5 2. Bf4 Nf6 3. e3 c5 4. c3 Nc6 5. Nd2 e6 6. Ngf3 Bd6 7. Bg3 O-O 8. Bd3 b6 9. Ne5 Bb7 10. f4 Ne7 11. Qf3 Nf5 12. Bf2 Be7 13. O-O-O Nd6 14. g4 c4 15. Bc2 b5 16. g5 Nfe4 17. Nxe4 dxe4 18. Qg2 b4 19. cxb4 a5 20. bxa5 Qxa5 21. Be1 Qxa2 22. Bc3 Nb5 23. Kd2 {[%emt 0:00:21] normal} Nxc3 24. bxc3 Qxc2+ 0-1

[Event "GER-ch Youth U16 2019"]
[Site "Willingen"]
[Date "2019.06.12"]
[Round "6.2"]
[White "Dobrikov, Marco"]
[Black "Suvorov, Alexander"]
[Result "1/2-1/2"]
[ECO "B48"]
[WhiteElo "2281"]
[BlackElo "2325"]
[Annotator "NA"]
[PlyCount "99"]
[EventDate "2019.06.07"]
[EventType "swiss"]
[EventRounds "9"]
[EventCountry "GER"]
[SourceTitle "playchess.com"]
[Source "ChessBase"]
[SourceQuality "1"]
[TimeControl "40/5400+30:1800+30"]

1. e4 c5 2. Nf3 e6 3. d4 cxd4 4. Nxd4 Nc6 5. Nc3 Qc7 6. Be3 a6 7. Bd3 b5 8. Nxc6 Qxc6 9. e5 Bb7 10. Be4 Qc7 11. Bxb7 Qxb7 12. O-O Rc8 13. Qd3 f5 14. exf6 Nxf6 15. Bd4 Be7 16. Rad1 b4 17. Bxf6 gxf6 18. Ne4 f5 19. Nd6+ Bxd6 20. Qxd6 Rg8 21. g3 Rxc2 22. Rfe1 Rg6 23. Qd3 Qc6 24. Qxf5 Rc5 25. Qf4 a5 26. Rc1 Rg8 27. Rxc5 Qxc5 28. Rc1 Qg5 29. Qc7 Qd5 30. Rc5 Qd1+ 31. Kg2 Rf8 32. f4 Qe2+ 33. Kg1 Qxb2 34. Qd6 Qb1+ 35. Kf2 Qxa2+ 36. Kf3 Qb3+ 37. Kg2 Qb2+ 38. Kh3 Qg7 39. Rc8+ Kf7 40. Qxd7+ Kg8 41. Qxe6+ Qf7 42. Qg4+ Kh8 43. Rxf8+ Qxf8 44. Qd7 Qf6 45. f5 b3 46. Qc8+ Kg7 47. Qc7+ Kh6 48. Qf4+ Qg5 49. Qd6+ Kg7 50. Qe5+ {[%emt 0:00:00] normal} 1/2-1/2

[Event "GER-ch Youth U16 2019"]
[Site "Willingen"]
[Date "2019.06.12"]
[Round "6.3"]
[White "Wachinger, Nikolas"]
[Black "Woelk, Tom-Frederic"]
[Result "1/2-1/2"]
[ECO "C60"]
[WhiteElo "2311"]
[BlackElo "2239"]
[Annotator "ChessBase"]
[PlyCount "114"]
[EventDate "2019.06.07"]
[EventType "swiss"]
[EventRounds "9"]
[EventCountry "GER"]
[SourceTitle "playchess.com"]
[Source "ChessBase"]
[SourceQuality "1"]
[TimeControl "40/5400+30:1800+30"]

1. e4 e5 2. Nf3 Nc6 3. Bb5 Nge7 4. c3 g6 5. d4 exd4 6. cxd4 Bg7 7. d5 a6 8. Be2 Ne5 9. Nxe5 Bxe5 10. Nc3 d6 11. Be3 O-O 12. O-O f5 13. Bd4 Bxd4 14. Qxd4 g5 15. Bh5 Bd7 16. e5 Be8 17. Bxe8 Rxe8 18. f4 gxf4 19. Qxf4 Ng6 20. Qxf5 Rxe5 21. Qf7+ Kh8 22. Rae1 Rxe1 23. Rxe1 Qh4 24. Qf2 Qxf2+ 25. Kxf2 Kg7 26. Re6 Rf8+ 27. Ke3 Rf1 28. Re4 Ne5 29. Rb4 b5 30. a4 Re1+ 31. Ne2 bxa4 32. Rxa4 a5 33. b4 axb4 34. Rxb4 Rd1 35. Nf4 Kf6 36. Rb7 Ng4+ 37. Ke2 Rd4 38. g3 Rc4 39. h3 Nh6 40. Ne6 Nf5 41. g4 Ng7 42. Kd3 Rc1 43. Rxc7 Rxc7 44. Nxc7 h5 45. Kc4 hxg4 46. hxg4 Kg6 47. Ne6 Ne8 48. g5 Kf5 49. Kb5 Ke4 50. Kc6 Ke5 51. Nd8 Ng7 52. Nf7+ Kf5 53. Kxd6 Kg6 54. Ke7 Nf5+ 55. Kf8 Kh5 56. Nh6 Nd4 57. d6 Kxg5 {[%emt 0:00:11] normal} 1/2-1/2

[Event "GER-ch Youth U16 2019"]
[Site "Willingen"]
[Date "2019.06.12"]
[Round "6.4"]
[White "Post, Hugo"]
[Black "Nguyen, Alex Dac-Vuong"]
[Result "0-1"]
[ECO "C06"]
[WhiteElo "2113"]
[BlackElo "2287"]
[Annotator "NA"]
[PlyCount "57"]
[EventDate "2019.06.07"]
[EventType "swiss"]
[EventRounds "9"]
[EventCountry "GER"]
[SourceTitle "playchess.com"]
[Source "ChessBase"]
[SourceQuality "1"]
[TimeControl "40/5400+30:1800+30"]

1. e4 e6 2. d4 d5 3. Nd2 Nf6 4. e5 Nfd7 5. Bd3 c5 6. c3 Nc6 7. Ne2 cxd4 8. cxd4 f6 9. exf6 Nxf6 10. O-O Bd6 11. Nf3 Qc7 12. Nc3 a6 13. Bd2 O-O 14. h3 Nh5 15. Ne5 Nf4 16. Bxf4 Rxf4 17. Nxc6 bxc6 18. Rc1 g6 19. Qa4 Bb7 20. Ne2 Rf7 21. h4 Raf8 22. g3 Rf3 23. Qd1 Qf7 24. Bb1 Rxf2 25. Qe1 Rxf1+ 26. Qxf1 Qe7 27. Qe1 {[%emt 0:03:02] normal} c5 {[%emt 0:04:15] normal} 28. Qc3 {[%emt 0:01:51] normal} Qf6 29. Qe3 {[%emt 0:00:50] normal} 0-1

[Event "GER-ch Youth U16 2019"]
[Site "Willingen"]
[Date "2019.06.12"]
[Round "6.5"]
[White "Knuedel, Torben"]
[Black "Koelle, Tobias"]
[Result "1-0"]
[ECO "C89"]
[WhiteElo "2044"]
[BlackElo "2215"]
[Annotator "NA"]
[PlyCount "101"]
[EventDate "2019.06.07"]
[EventType "swiss"]
[EventRounds "9"]
[EventCountry "GER"]
[SourceTitle "playchess.com"]
[Source "ChessBase"]
[SourceQuality "1"]
[TimeControl "40/5400+30:1800+30"]

1. e4 e5 2. Nf3 Nc6 3. Bb5 a6 4. Ba4 Nf6 5. O-O Be7 6. Re1 b5 7. Bb3 O-O 8. c3 d5 9. exd5 Nxd5 10. Nxe5 Nxe5 11. Rxe5 c6 12. d4 Bd6 13. Re1 Qh4 14. g3 Qh3 15. Be3 Bg4 16. Qd3 Qh5 17. Nd2 Rae8 18. a4 Re6 19. axb5 axb5 20. Nf1 Bf5 21. Qd1 Bg4 22. Qd3 Bf5 23. Qd2 Rfe8 24. Bd1 Qg6 25. Bf3 Be4 26. Bxe4 Rxe4 27. f3 R4e6 28. Bf2 h5 29. Rxe6 Rxe6 30. Re1 Rf6 31. Re8+ Kh7 32. Qe2 Nf4 33. Qe4 Qxe4 34. Rxe4 Nd3 35. Nd2 Nxb2 36. Rh4 Re6 37. d5 cxd5 38. Rxh5+ Kg8 39. Rxd5 b4 40. cxb4 Bxb4 41. Ne4 Be7 42. Kg2 Nc4 43. Rb5 f6 44. Nc3 Bd6 45. h4 Kh7 46. Ne4 Be7 47. Bd4 Nd2 48. Nc3 Nc4 49. Nd5 Re2+ 50. Kf1 Rd2 51. Nxe7 {[%emt 0:00:00] normal} 1-0

[Event "GER-ch Youth U16 2019"]
[Site "Willingen"]
[Date "2019.06.12"]
[Round "6.6"]
[White "Kopylov, Daniel"]
[Black "Yi, Danny"]
[Result "1-0"]
[ECO "C47"]
[WhiteElo "2263"]
[BlackElo "2205"]
[Annotator "NA"]
[PlyCount "89"]
[EventDate "2019.06.07"]
[EventType "swiss"]
[EventRounds "9"]
[EventCountry "GER"]
[SourceTitle "playchess.com"]
[Source "ChessBase"]
[SourceQuality "1"]
[TimeControl "40/5400+30:1800+30"]

1. e4 e5 2. Nf3 Nf6 3. Nc3 Nc6 4. d4 exd4 5. Nxd4 Nxd4 6. Qxd4 d6 7. Bg5 Be7 8. Bc4 O-O 9. O-O h6 10. Bh4 a6 11. a4 Bd7 12. Rad1 Bc6 13. Rfe1 Nd7 14. Bxe7 Qxe7 15. Bd5 Qg5 16. Bxc6 bxc6 17. Ne2 Rfe8 18. Ng3 Ne5 19. Re3 Ng4 20. Rb3 c5 21. Qc3 Qf6 22. Qxf6 Nxf6 23. f3 Rab8 24. Rxb8 Rxb8 25. b3 Kf8 26. Nf5 c4 27. bxc4 g6 28. Ne3 Rb4 29. c5 dxc5 30. a5 Ra4 31. e5 Ne8 32. Rd7 Rxa5 33. Ng4 Ra4 34. Nxh6 Kg7 35. Nxf7 Rd4 36. Rxd4 cxd4 37. Ng5 a5 38. Ne6+ Kf7 39. Nxd4 a4 40. Kf2 c5 41. Nb5 Ke6 42. f4 Ng7 43. g4 Kd7 44. Ke3 Ne6 45. f5 {[%emt 0:01:17] normal} 1-0

[Event "GER-ch Youth U16 2019"]
[Site "Willingen"]
[Date "2019.06.12"]
[Round "6.7"]
[White "Trifan, Andrei Ioan"]
[Black "Hommel, Niclas"]
[Result "1-0"]
[ECO "B63"]
[WhiteElo "2268"]
[BlackElo "1953"]
[Annotator "NA"]
[PlyCount "53"]
[EventDate "2019.06.07"]
[EventType "swiss"]
[EventRounds "9"]
[EventCountry "GER"]
[SourceTitle "playchess.com"]
[Source "ChessBase"]
[SourceQuality "1"]
[TimeControl "40/5400+30:1800+30"]

1. e4 c5 2. Nf3 d6 3. d4 cxd4 4. Nxd4 Nf6 5. Nc3 Nc6 6. Bg5 e6 7. Qd2 Be7 8. O-O-O Nxd4 9. Qxd4 O-O 10. Be2 a6 11. f4 Qa5 12. Bh4 e5 13. Qe3 exf4 14. Qxf4 Be6 15. Kb1 Rfc8 16. a3 Rxc3 17. Be1 Rac8 18. Rd3 Rxd3 19. Bxa5 Rd4 20. Bd3 d5 21. Bc3 Ra4 22. Re1 dxe4 23. Bxe4 b5 24. Qf3 Rxe4 25. Rxe4 Bd5 26. Bxf6 Bxe4 27. Qg4 {[%emt 0:00:43] normal} 1-0

[Event "GER-ch Youth U16 2019"]
[Site "Willingen"]
[Date "2019.06.12"]
[Round "6.8"]
[White "Richter, Nils"]
[Black "Liebold, Aaron"]
[Result "1-0"]
[ECO "B52"]
[WhiteElo "2115"]
[BlackElo "1870"]
[Annotator "NA"]
[PlyCount "43"]
[EventDate "2019.06.07"]
[EventType "swiss"]
[EventRounds "9"]
[EventCountry "GER"]
[SourceTitle "playchess.com"]
[Source "ChessBase"]
[SourceQuality "1"]
[TimeControl "40/5400+30:1800+30"]

1. e4 c5 2. Nf3 d6 3. Bb5+ Bd7 4. Bxd7+ Qxd7 5. c4 Nf6 6. Nc3 g6 7. d4 cxd4 8. Nxd4 Bg7 9. f3 Nc6 10. Be3 O-O 11. O-O Rac8 12. b3 Rfe8 13. Qd2 Nxd4 14. Bxd4 Qc6 15. Nb5 Ra8 16. a4 a6 17. Nc3 Rac8 18. Rfd1 Nd7 19. Bxg7 Kxg7 20. Nd5 Qc5+ 21. Kh1 Nb6 22. b4 {[%emt 0:00:58] normal} 1-0

[Event "GER-ch Youth U16 2019"]
[Site "Willingen"]
[Date "2019.06.12"]
[Round "6.9"]
[White "Fromm, Marius"]
[Black "Rietschel, Tilo"]
[Result "1-0"]
[ECO "E69"]
[WhiteElo "2038"]
[BlackElo "2005"]
[Annotator "NA"]
[PlyCount "45"]
[EventDate "2019.06.07"]
[EventType "swiss"]
[EventRounds "9"]
[EventCountry "GER"]
[SourceTitle "playchess.com"]
[Source "ChessBase"]
[SourceQuality "1"]
[TimeControl "40/5400+30:1800+30"]

1. Nf3 Nf6 2. c4 g6 3. Nc3 Bg7 4. g3 O-O 5. Bg2 d6 6. d4 Nbd7 7. O-O e5 8. e4 c6 9. h3 exd4 10. Nxd4 Re8 11. Re1 a5 12. Be3 Nc5 13. Qc2 Nfd7 14. Rad1 Nb6 15. Nb3 Ne6 16. c5 Nc4 17. Na4 b5 18. cxb6 Ba6 19. Bc1 Rb8 20. Nac5 Nxc5 21. Nxc5 Qxb6 22. Nxa6 Qxa6 23. Bf1 {[%emt 0:00:16] normal} 1-0

[Event "GER-ch Youth U16 2019"]
[Site "Willingen"]
[Date "2019.06.12"]
[Round "6.10"]
[White "Roehr, Tobias"]
[Black "Gutkin, Ilya"]
[Result "0-1"]
[ECO "E00"]
[WhiteElo "2208"]
[BlackElo "2041"]
[Annotator "NA"]
[PlyCount "65"]
[EventDate "2019.06.07"]
[EventType "swiss"]
[EventRounds "9"]
[EventCountry "GER"]
[SourceTitle "playchess.com"]
[Source "ChessBase"]
[SourceQuality "1"]
[TimeControl "40/5400+30:1800+30"]

1. d4 e6 2. c4 Bb4+ 3. Nd2 c5 4. a3 Bxd2+ 5. Qxd2 cxd4 6. Nf3 Nf6 7. Nxd4 d5 8. e3 O-O 9. cxd5 Qxd5 10. Nb5 Qxd2+ 11. Bxd2 Nc6 12. Be2 Ne4 13. Bb4 Nxb4 14. axb4 a6 15. Nc7 Rb8 16. Rd1 Nf6 17. b5 Bd7 18. b6 Bc6 19. Bf3 Bxf3 20. gxf3 Rfd8 21. Ke2 Kf8 22. f4 g6 23. Rd4 Rxd4 24. exd4 Rd8 25. Rc1 Ke7 26. Rc4 Kd6 27. Kd3 Nd7 28. Rb4 Kc6 29. Ke4 Nxb6 30. Nxe6 fxe6 31. Ke5 Re8 32. h4 Nd7+ 33. Ke4 {normal Kd5+} 0-1

[Event "GER-ch Youth U16 2019"]
[Site "Willingen"]
[Date "2019.06.12"]
[Round "6.11"]
[White "Biermann, Florian"]
[Black "Boder, Jan"]
[Result "0-1"]
[ECO "A20"]
[WhiteElo "2018"]
[BlackElo "2123"]
[Annotator "ChessBase"]
[PlyCount "124"]
[EventDate "2019.06.07"]
[EventType "swiss"]
[EventRounds "9"]
[EventCountry "GER"]
[SourceTitle "playchess.com"]
[Source "ChessBase"]
[SourceQuality "1"]
[TimeControl "40/5400+30:1800+30"]

1. c4 e5 2. g3 Nf6 3. Bg2 d5 4. cxd5 Nxd5 5. Nf3 Nc6 6. O-O Nb6 7. Nc3 Be7 8. Rb1 g5 9. d3 g4 10. Nd2 h5 11. Nc4 Nxc4 12. dxc4 Qxd1 13. Rxd1 Nd4 14. Be3 Bf5 15. Rbc1 O-O-O 16. Kf1 c6 17. Ne4 h4 18. Rd2 hxg3 19. hxg3 Rh2 20. Nc3 Be6 21. Nd5 Bc5 22. b4 Bxd5 23. cxd5 Bxb4 24. Rd3 Rdh8 25. Bxd4 Rh1+ 26. Bxh1 Rxh1+ 27. Kg2 Rxc1 28. Bxe5 c5 29. d6 Kd7 30. Bf4 Rc3 31. Rd5 Ba5 32. a4 Rc4 33. Rf5 Ke6 34. Rh5 Bb6 35. Rh8 Rxa4 36. Re8+ Kd7 37. Re7+ Kc6 38. Rxf7 c4 39. Rf8 Ba5 40. e4 c3 41. e5 Re4 42. Rc8+ Kd7 43. Rc5 b5 44. Rxb5 Bb6 45. Rb3 c2 46. Rc3 Re2 47. Kh1 Rxf2 48. Bg5 Ke6 49. Rc8 Kd7 50. Rg8 c1=Q+ 51. Bxc1 Rf1+ 52. Kg2 Rg1+ 53. Kh2 Rxc1 54. Rg7+ Ke6 55. Re7+ Kf5 56. d7 Ke4 57. Re8 Rc2+ 58. Kh1 Kf3 59. d8=Q Rc1+ 60. Kh2 Bg1+ 61. Kh1 Bf2+ 62. Kh2 Bxg3# {normal} 0-1

[Event "GER-ch Youth U16 2019"]
[Site "Willingen"]
[Date "2019.06.12"]
[Round "6.12"]
[White "Huber, Benedikt"]
[Black "Pahl, Erik"]
[Result "1-0"]
[ECO "E62"]
[WhiteElo "2051"]
[BlackElo "2113"]
[Annotator "NA"]
[PlyCount "52"]
[EventDate "2019.06.07"]
[EventType "swiss"]
[EventRounds "9"]
[EventCountry "GER"]
[SourceTitle "playchess.com"]
[Source "ChessBase"]
[SourceQuality "1"]
[TimeControl "40/5400+30:1800+30"]

1. d4 Nf6 2. c4 g6 3. Nf3 Bg7 4. g3 d6 5. Bg2 O-O 6. O-O Nc6 7. Nc3 e5 8. h3 exd4 9. Nxd4 Nxd4 10. Qxd4 Nd7 11. Qd1 Nc5 12. Be3 Bxc3 13. bxc3 Rb8 14. Bh6 Re8 15. Qd4 f6 16. f4 Ne6 17. Qxa7 Bd7 18. Qf2 Nc5 19. g4 Qe7 20. f5 gxf5 21. Qh4 Qf7 22. Bd5 Be6 23. Rxf5 Nd7 24. Raf1 Bxd5 25. cxd5 Re5 {[%emt 0:01:32] normal} 26. Rxe5 dxe5 {[%emt 0:00:17] normal} 1-0

[Event "GER-ch Youth U16 2019"]
[Site "Willingen"]
[Date "2019.06.12"]
[Round "6.13"]
[White "Koehler, Lukas"]
[Black "Burian, Simon"]
[Result "1/2-1/2"]
[ECO "B20"]
[WhiteElo "2068"]
[BlackElo "2001"]
[Annotator "NA"]
[PlyCount "55"]
[EventDate "2019.06.07"]
[EventType "swiss"]
[EventRounds "9"]
[EventCountry "GER"]
[SourceTitle "playchess.com"]
[Source "ChessBase"]
[SourceQuality "1"]
[TimeControl "40/5400+30:1800+30"]

1. e4 c5 2. d3 Nc6 3. g3 g6 4. Bg2 Bg7 5. f4 e5 6. c3 d6 7. Nf3 Nge7 8. O-O O-O 9. a4 a6 10. Be3 Qc7 11. Na3 Rb8 12. Nc2 f5 13. fxe5 Nxe5 14. Bf4 Qb6 15. Rb1 fxe4 16. dxe4 Be6 17. b4 cxb4+ 18. Be3 Qc7 19. cxb4 Bc4 20. Re1 Nd3 21. Re2 Nb2 22. Qe1 Bxe2 23. Qxe2 Nxa4 24. Ncd4 Nc3 25. Qc2 Qc4 26. Bf1 Qc8 27. Rc1 Kh8 28. Qd3 {[%emt 0:03:14] normal} 1/2-1/2

[Event "GER-ch Youth U16 2019"]
[Site "Willingen"]
[Date "2019.06.12"]
[Round "6.14"]
[White "Buller, Ian Joshua"]
[Black "Jeschke, Jan"]
[Result "1-0"]
[ECO "C06"]
[WhiteElo "1904"]
[BlackElo "1915"]
[Annotator "NA"]
[PlyCount "87"]
[EventDate "2019.06.07"]
[EventType "swiss"]
[EventRounds "9"]
[EventCountry "GER"]
[SourceTitle "playchess.com"]
[Source "ChessBase"]
[SourceQuality "1"]
[TimeControl "40/5400+30:1800+30"]

1. e4 e6 2. d4 d5 3. Nd2 Nf6 4. e5 Nfd7 5. Bd3 c5 6. c3 Nc6 7. Ne2 cxd4 8. cxd4 f6 9. exf6 Nxf6 10. O-O Bd6 11. Nf3 Qc7 12. h3 O-O 13. Re1 Bd7 14. Be3 Be8 15. Rc1 Qe7 16. Nc3 Bh5 17. Be2 Rae8 18. Bg5 Bb8 19. Ne5 Bxe2 20. Rxe2 a6 21. Qd2 Ba7 22. Nf3 Qb4 23. Bxf6 gxf6 24. a3 Qd6 25. Nd1 e5 26. Ne3 Ne7 27. dxe5 fxe5 28. Ng4 Ng6 29. Qg5 Qe7 30. Qh6 e4 31. Ng5 Rf5 32. h4 Bb8 33. g3 Rff8 34. Rd1 Rd8 35. Red2 Rd6 36. Rxd5 Ne5 37. Rxd6 Nxg4 38. Qe6+ Qxe6 39. Rxe6 Nxf2 40. Rd7 Ba7 41. Kg2 Ng4 42. Nxe4 h5 43. Ree7 Ne3+ 44. Kh3 {[%emt 0:00:00] normal} 1-0

[Event "GER-ch Youth U16 2019"]
[Site "Willingen"]
[Date "2019.06.13"]
[Round "7.1"]
[White "Stork, Oliver"]
[Black "Wachinger, Nikolas"]
[Result "0-1"]
[ECO "A45"]
[WhiteElo "2224"]
[BlackElo "2311"]
[Annotator "NA"]
[PlyCount "118"]
[EventDate "2019.06.07"]
[EventType "swiss"]
[EventRounds "9"]
[EventCountry "GER"]
[SourceTitle "playchess.com"]
[Source "ChessBase"]
[SourceQuality "1"]
[TimeControl "40/5400+30:1800+30"]

1. d4 Nf6 2. Bf4 d5 3. e3 c5 4. c3 Nc6 5. Nd2 e6 6. Ngf3 cxd4 7. exd4 Nh5 8. Be3 Bd6 9. Ne5 g6 10. g4 Ng7 11. h4 h5 12. Bg5 Be7 13. Bb5 Bd7 14. Bxc6 Bxc6 15. Qf3 Rf8 16. Bh6 hxg4 17. Qxg4 Rg8 18. h5 gxh5 19. Rxh5 Bf6 20. Bxg7 Bxg7 21. Rg5 Qf6 22. O-O-O Kf8 23. f4 Rh8 24. Rg1 Bh6 25. Rg8+ Ke7 26. Rxa8 Rxa8 27. f5 Be3 28. Rf1 Bb5 29. Rh1 Qxf5 30. Qxf5 exf5 31. Rh7 Be8 32. Kc2 Ke6 33. Kd3 f4 34. Ndf3 f6 35. Rh6 Kf5 36. Rh7 fxe5 37. Nxe5 Bb5+ 38. Kc2 b6 39. b3 Be2 40. Rf7+ Ke6 41. Rh7 f3 42. Ng4 Bf4 43. Rg7 Kf5 44. Nf2 Rh8 45. Rf7+ Kg5 46. Rg7+ Kf6 47. Rxa7 Bg3 48. Ng4+ Kg5 49. Rg7+ Kf4 50. Nf6 f2 51. Nxd5+ Ke4 52. Nf6+ Kf3 53. Nd5 f1=Q 54. Rf7+ Ke4 55. Rxf1 Bxf1 56. Nxb6 Rh2+ 57. Kb1 Bd3+ 58. Ka1 Be1 59. Na4 Bb5 {[%emt 0:00:37] normal} 0-1

[Event "GER-ch Youth U16 2019"]
[Site "Willingen"]
[Date "2019.06.13"]
[Round "7.2"]
[White "Suvorov, Alexander"]
[Black "Koellner, Ruben Gideon"]
[Result "1-0"]
[ECO "A45"]
[WhiteElo "2325"]
[BlackElo "2299"]
[Annotator "NA"]
[PlyCount "102"]
[EventDate "2019.06.07"]
[EventType "swiss"]
[EventRounds "9"]
[EventCountry "GER"]
[SourceTitle "playchess.com"]
[Source "ChessBase"]
[SourceQuality "1"]
[TimeControl "40/5400+30:1800+30"]

1. d4 Nf6 2. Bf4 d6 3. e3 g6 4. h3 Bg7 5. Nf3 O-O 6. Be2 Nfd7 7. O-O e5 8. Bh2 Nc6 9. c3 h6 10. Na3 f5 11. b4 Qe7 12. Qc2 e4 13. Nd2 g5 14. b5 Nd8 15. c4 b6 16. Qb3 Kh8 17. Nc2 Bb7 18. Nb4 Qf7 19. f3 exf3 20. Bxf3 Bxf3 21. Rxf3 Qh5 22. Raf1 g4 23. hxg4 fxg4 24. Rxf8+ Nxf8 25. Qd3 Nde6 26. Qf5 Qh4 27. Ne4 Re8 28. Bg3 Qd8 29. Qxg4 Nh7 30. Nd5 Neg5 31. Nxg5 Nxg5 32. Bh4 Kg8 33. Bxg5 Qxg5 34. Qxg5 hxg5 35. Rf5 g4 36. Rg5 Kf7 37. Rxg4 Bh6 38. Rg3 Rc8 39. Rf3+ Ke8 40. Rf6 Bf8 41. Nb4 Be7 42. Rh6 Bg5 43. Rh8+ Kd7 44. Rh7+ Ke6 45. Kf2 Rf8+ 46. Ke2 Rg8 47. Rxc7 Bd8 48. Rxa7 Rxg2+ 49. Kd3 Rb2 50. Nc6 Bg5 51. Ke4 Re2 {[%emt 0:00:40] normal} 1-0

[Event "GER-ch Youth U16 2019"]
[Site "Willingen"]
[Date "2019.06.13"]
[Round "7.4"]
[White "Woelk, Tom-Frederic"]
[Black "Knuedel, Torben"]
[Result "0-1"]
[ECO "E83"]
[WhiteElo "2239"]
[BlackElo "2044"]
[Annotator "NA"]
[PlyCount "86"]
[EventDate "2019.06.07"]
[EventType "swiss"]
[EventRounds "9"]
[EventCountry "GER"]
[SourceTitle "playchess.com"]
[Source "ChessBase"]
[SourceQuality "1"]
[TimeControl "40/5400+30:1800+30"]

1. d4 Nf6 2. c4 g6 3. Nc3 Bg7 4. e4 d6 5. f3 O-O 6. Nge2 Nc6 7. Be3 a6 8. Qd2 Na5 9. Ng3 b5 10. cxb5 axb5 11. Rc1 b4 12. Nd1 Nb7 13. Qxb4 c5 14. dxc5 dxc5 15. Bxc5 Nxc5 16. Qxc5 Be6 17. Qf2 Bh6 18. Rc3 Rxa2 19. Bd3 Bg7 20. Bb1 Ra1 21. Qc2 Qb6 22. Ne2 Nd7 23. Ra3 Bxb2 24. Rxa1 Bxa1 25. Nf2 Qb4+ 26. Kf1 Rb8 27. Ba2 Bxa2 28. Qxa2 Qb1+ 29. Qxb1 Rxb1+ 30. Nc1 Rxc1+ 31. Ke2 Rxh1 32. Nxh1 Nc5 33. Ng3 Be5 34. Nf1 h5 35. g3 Bd4 36. f4 Kg7 37. Kf3 Nb3 38. e5 g5 39. Ke4 g4 40. Kf5 Kh6 41. Ke4 Bg1 42. Kd5 e6+ 43. Ke4 Nc5# {[%emt 0:00:08] normal} 0-1

[Event "GER-ch Youth U16 2019"]
[Site "Willingen"]
[Date "2019.06.13"]
[Round "7.5"]
[White "Trifan, Andrei Ioan"]
[Black "Post, Hugo"]
[Result "1/2-1/2"]
[ECO "B81"]
[WhiteElo "2268"]
[BlackElo "2113"]
[Annotator "NA"]
[PlyCount "84"]
[EventDate "2019.06.07"]
[EventType "swiss"]
[EventRounds "9"]
[EventCountry "GER"]
[SourceTitle "playchess.com"]
[Source "ChessBase"]
[SourceQuality "1"]
[TimeControl "40/5400+30:1800+30"]

1. e4 c5 2. Nf3 d6 3. d4 cxd4 4. Nxd4 Nf6 5. Nc3 e6 6. g4 h6 7. h4 Nc6 8. Rg1 d5 9. exd5 Nxd5 10. Nxd5 exd5 11. Be3 Qxh4 12. Nb5 Qe7 13. Qxd5 Be6 14. Qe4 O-O-O 15. Nxa7+ Nxa7 16. Bxa7 Qc7 17. Rg3 Bd5 18. Qf5+ Be6 19. Qe4 Bd5 20. Qf5+ Be6 21. Qb5 Bd7 22. Qb3 Re8+ 23. Be2 Bc6 24. Bb6 Qf4 25. Re3 Bb4+ 26. c3 Bd6 27. Bd4 Qg5 28. Qxf7 Bf4 29. Qxg7 Bxe3 30. fxe3 Qh4+ 31. Kd2 Rhg8 32. Qf7 Rgf8 33. Qc4 Rf2 34. b4 Qg5 35. Rf1 Rxf1 36. Bxf1 Qd5 37. b5 Qxc4 38. Bxc4 Bd7 39. Bg7 Re4 40. Bd3 Rxg4 41. Bxh6 Rg2+ 42. Kc1 Rxa2 {[%emt 0:00:00] normal} 1/2-1/2